 Dungeon Crawl Stone Soup version 0.29.1-1-gd02db6906a (webtiles) character file.

Game seed: 14824339477626211359

11264 Lambsauce the Cleaver (level 11, -2/100 HPs)
             Began as a Minotaur Fighter on Oct 3, 2022.
             Slain by a ten-headed hydra (14 damage)
             ... on level 11 of the Dungeon.
             The game lasted 00:34:15 (12725 turns).

Lambsauce the Cleaver (Minotaur Fighter)           Turns: 12725, Time: 00:34:16

Health: -2/100     AC:  7    Str: 25    XL:     11   Next: 47%
Magic:  11/11      EV: 13    Int:  9    God:
Gold:   861        SH: 11    Dex: 10    Spells: 9/11 levels left

rFire   . . .      SeeInvis .   y - +6 hand axe
rCold   . . .      Faith    .   c - +1 buckler
rNeg    . . .      Spirit   .   D - +0 steam dragon scales
rPois   .          Reflect  +   v - +1 hat
rElec   .          Harm     .   (no cloak)
rCorr   .          Rampage  .   (no gloves)
Will    .....                   (no boots)
Stlth   ++........              G - amulet of reflection
HPRegen 0.26/turn               p - +6 ring of intelligence
MPRegen 0.12/turn               i - +4 ring of slaying

@: about to teleport
A: horns 2, retaliatory headbutt, dopey 1, subdued magic 1
a: no special abilities


You were on level 11 of the Dungeon.
You visited 1 branch of the dungeon, and saw 11 of its levels.

You collected 861 gold pieces.

Inventory:

Hand Weapons
 a - a +3 war axe
 k - a +2 whip of electrocution
 y - a +6 hand axe (weapon)
Armour
 b - a +0 scale mail
 c - a +1 buckler (worn)
 d - a +2 robe of resistance
 v - a +1 hat (worn)
 C - a +0 plate armour
 D - +0 steam dragon scales (worn)
Jewellery
 g - an amulet of the acrobat
 i - a +4 ring of slaying (right hand)
 p - a +6 ring of intelligence (left hand)
 w - an amulet of guardian spirit
 x - an amulet of magic regeneration
 E - a ring of protection from cold
 F - a ring of willpower
 G - an amulet of reflection (around neck)
Wands
 u - a wand of acid (4) (quivered)
 A - a wand of polymorph (4)
Scrolls
 e - 5 scrolls of identify
 j - 2 scrolls of immolation
 n - 2 scrolls of teleportation
 q - 2 scrolls of blinking
 z - a scroll of fog
 H - a scroll of magic mapping
 I - a scroll of vulnerability
Potions
 f - a potion of brilliance
 h - 2 potions of ambrosia
 l - a potion of attraction
 m - 3 potions of flight
 o - 2 potions of curing
 r - 2 potions of might
 s - a potion of magic
 t - a potion of berserk rage
 B - a potion of heal wounds


   Skills:
 + Level 10.3 Fighting
 + Level 14.2 Axes
 + Level 7.8 Armour
 + Level 7.1 Dodging
 + Level 2.6 Stealth
 + Level 8.1 Shields
 + Level 0.6 Spellcasting
 + Level 1.1 Translocations
 + Level 1.0 Evocations


You had 9 spell levels left.
You knew the following spells:

 Your Spells              Type           Power      Damage    Failure   Level
a - Blink                 Tloc           2%         N/A       36%         2

Your spell library contained the following spells:

 Spells                   Type           Power      Damage    Failure   Level
 Lesser Beckoning         Tloc           1%         N/A       61%         3
 Stone Arrow              Conj/Erth      0%         3d7       77%         3
 Animate Armour           Summ/Erth      0%         N/A       99%         4
 Manifold Assault         Tloc           1%         N/A       100%        5
 Lehudib's Crystal Spear  Conj/Erth      0%         10d2      100%        8


Dungeon Overview and Level Annotations

Branches:
Dungeon (11/15)            Temple (0/1) D:6            Lair (0/5) D:9
    Orc (0/2) D:9

Altars:
Ashenzari
Nemelex Xobeh
Sif Muna
Uskayaw
Xom
Yredelemnul

Shops:
D:3 (*   D:4 =   D:8 *   D:10 (

Portals:
Trove: D:10 (give +4 demon trident)


Innate Abilities, Weirdness & Mutations

You have a pair of horns on your head.
You reflexively headbutt those who attack you in melee.
You are dopey. (Int -2)
Your spells are a little easier to cast, but a little less powerful.


Message History

The seven-headed hydra bites you.
You block the seven-headed hydra's attack.
You hack one of the seven-headed hydra's heads off!
The six-headed hydra grows two more!
You slice the eight-headed hydra!!
The eight-headed hydra is moderately wounded.
A wraith comes into view.
You chop one of the eight-headed hydra's heads off!
The seven-headed hydra grows two more!
You slash the nine-headed hydra!
The nine-headed hydra is moderately wounded.
The nine-headed hydra misses you.
The nine-headed hydra barely misses you.
The nine-headed hydra bites you! The nine-headed hydra bites you.
You block the nine-headed hydra's attack.
The nine-headed hydra bites you. x2
The nine-headed hydra bites you but does no damage.
You block the nine-headed hydra's attack.
You lop one of the nine-headed hydra's heads off!
The eight-headed hydra grows two more!
You slash the ten-headed hydra!
The ten-headed hydra is moderately wounded.
The ten-headed hydra closely misses you.
You furiously retaliate!
You headbutt the ten-headed hydra! The ten-headed hydra barely misses you.
You block the ten-headed hydra's attack.
The ten-headed hydra misses you. The ten-headed hydra bites you!
The ten-headed hydra bites you.
The ten-headed hydra bites you but does no damage.
You block the ten-headed hydra's attack.
The ten-headed hydra bites you but does no damage.
The ten-headed hydra bites you!
* * * LOW HITPOINT WARNING * * *
As you read the scroll of teleportation, it crumbles to dust.
You feel strangely unstable.
You block the ten-headed hydra's attack.
The ten-headed hydra bites you!
* * * LOW HITPOINT WARNING * * *
You block the ten-headed hydra's attack.
The ten-headed hydra bites you!
* * * LOW HITPOINT WARNING * * *
The ten-headed hydra bites you!
You die...

..........#.########.#
..........#.# #
..........#.# .#
..........#.########)#
..........#..........#
..........#..........#
#.......###..........#
#.......#........#####
........#.......@#
........#..###..D#
........#.. #...#
........#.. #...#
.......##. ....# ##
.......# ....W. #.
.......# ....... #.
.......# ........ #.
.......# #.


You could see a ten-headed hydra (corroded) and a wraith.

Vanquished Creatures
  Gastronok (D:9)
  Pikel (D:3)
  A cyclops (D:11)
  A manticore (D:11)
  3 gargoyles
  2 hornets
  A shadow (D:10)
  A wyvern (D:9)
  A wraith (D:11)
  17 yaks
  Eustachio (D:4)
  2 steam dragons
  3 ice beasts
  2 orc warriors
  2 black bears
  3 sky beasts
  2 ogres
  2 centaurs
  A lemure (D:3)
  3 kobold brigands
  3 gnoll sergeants
  4 bullfrogs
  4 scorpions
  6 wights
  20 killer bees
  3 howler monkeys
  2 electric eels (D:6)
  A hound (D:5)
  2 jellies
  3 orc priests
  2 gnoll boudas
  Jessica (D:2)
  2 iguanas
  6 orc wizards
  Ijyb (D:4)
  Robin (D:2)
  A mummy (D:5)
  22 gnolls
  5 adders
  2 shadow imps
  2 white imps (D:7)
  A worm (D:4)
  3 dart slugs
  23 orcs
  11 bats
  5 endoplasms
  4 giant cockroaches
  13 goblins
  10 hobgoblins
  12 jackals
  20 kobolds
  3 quokkas
  7 ball pythons
  3 frilled lizards
  A hobgoblin zombie (D:5)
  3 orc zombies (D:5)
  5 rats
267 creatures vanquished.

Vanquished Creatures (others)
  A plant (D:6)
1 creature vanquished.

Grand Total: 268 creatures vanquished

Notes
Turn   | Place    | Note
-------+----------+-------------------------------------------
     0 | D:1      | Lambsauce the Minotaur Fighter began the quest for the Orb.
     0 | D:1      | Reached XP level 1. HP: 19/19 MP: 0/0
   187 | D:1      | Reached XP level 2. HP: 20/27 MP: 1/1
   316 | D:1      | Gained mutation: You are dopey. (Int -2) [potion of
                  | mutation]
   316 | D:1      | Gained mutation: Your spells are a little easier to cast,
                  | but a little less powerful. [potion of mutation]
   626 | D:1      | Reached skill level 3 in Axes
  1064 | D:1      | Reached XP level 3. HP: 33/33 MP: 2/2
  1506 | D:2      | Noticed Jessica
  1513 | D:2      | Killed Jessica
  1609 | D:2      | Found a faded altar of an unknown god.
  1629 | D:2      | Reached XP level 4. HP: 40/40 MP: 3/3
  1700 | D:2      | Noticed Robin
  1711 | D:2      | Killed Robin
  1798 | D:2      | You fall into a shaft and drop 1 floor!
  1815 | D:3      | Found Bioderot's Antique Weapon Boutique.
  1837 | D:3      | Reached skill level 4 in Axes
  1857 | D:3      | Reached XP level 5. HP: 31/47 MP: 4/4
  2736 | D:3      | Found Jivvad's General Store.
  2759 | D:3      | Reached skill level 1 in Dodging
  2867 | D:4      | Noticed Pikel
  2867 | D:4      | Noticed a lemure
  2867 | D:4      | Noticed a lemure
  2867 | D:4      | Noticed a lemure
  2867 | D:4      | Noticed a lemure
  2888 | D:3      | Killed a lemure
  2913 | D:3      | Killed Pikel
  2914 | D:3      | Reached skill level 6 in Axes
  2914 | D:3      | Reached XP level 6. HP: 21/55 MP: 5/5
  2914 | D:3      | Reached XP level 7. HP: 23/60 MP: 6/6
  3127 | D:4      | Reached skill level 5 in Fighting
  3281 | D:4      | Learned a level 2 spell: Blink
  3349 | D:4      | Found Kimun's Jewellery Shop.
  3361 | D:4      | Noticed Ijyb
  3368 | D:4      | Killed Ijyb
  3548 | D:4      | Noticed Eustachio
  3571 | D:4      | Killed Eustachio
  3572 | D:4      | Reached skill level 1 in Stealth
  3800 | D:5      | Entered Level 5 of the Dungeon
  3828 | D:5      | Reached skill level 7 in Axes
  3872 | D:5      | Reached XP level 8. HP: 29/68 MP: 7/7
  4211 | D:5      | Reached skill level 8 in Axes
  5284 | D:6      | Reached skill level 5 in Shields
  5293 | D:6      | Reached skill level 9 in Axes
  5372 | D:6      | Found a hide-covered altar of Uskayaw.
  5425 | D:6      | Found a staircase to the Ecumenical Temple.
  5719 | D:6      | Reached skill level 5 in Dodging
  5719 | D:6      | Reached XP level 9. HP: 76/78 MP: 8/8
  6280 | D:7      | Paralysed by a hornet for 3 turns
  6284 | D:7      | Reached skill level 10 in Axes
  6284 | D:7      | Reached skill level 1 in Translocations
  6660 | D:7      | Found a sparkling altar of Nemelex Xobeh.
  6660 | D:7      | Found a shimmering altar of Xom.
  6667 | D:7      | Found a basalt altar of Yredelemnul.
  6669 | D:7      | Found a broken altar of Ashenzari.
  6672 | D:7      | Found a faded altar of an unknown god.
  7884 | D:8      | Found a shimmering blue altar of Sif Muna.
  7955 | D:8      | Reached skill level 11 in Axes
  8243 | D:8      | Reached XP level 10. HP: 30/88 MP: 10/10
  8791 | D:8      | Reached skill level 12 in Axes
  8959 | D:8      | Found Naenuttu's Assorted Antiques.
  9241 | D:9      | Found a staircase to the Orcish Mines.
  9929 | D:9      | Noticed a gargoyle
  9936 | D:9      | Killed a gargoyle
 10107 | D:9      | Reached skill level 13 in Axes
 10436 | D:9      | Found a staircase to the Lair.
 10714 | D:10     | Entered Level 10 of the Dungeon
 10714 | D:10     | Noticed Gastronok
 10715 | D:10     | Noticed a gargoyle
 10732 | D:9      | Killed Gastronok
 10733 | D:9      | Reached XP level 11. HP: 32/99 MP: 11/11
 11374 | D:10     | Reached skill level 1 in Evocations
 11381 | D:10     | Reached skill level 10 in Fighting
 11497 | D:10     | Found a portal to a secret trove of treasure.
 11563 | D:10     | Found Manalize's Firing Range.
 11775 | D:10     | Reached skill level 14 in Axes
 12712 | D:11     | Noticed a five-headed hydra
 12725 | D:11     | Slain by a ten-headed hydra

Illustrated notes

Levels and vault maps discovered:
D:1:      spicycebolla_green_bress_n_ham_2, layout_basic
D:2:      layout_loops_ring, basic_ecumenical_altar, amethyst_killhole,
          uniq_jessica, uniq_robin
D:3:      layout_rooms, serial_shops, nicolae_shop_window_shopping, shop
D:4:      layout_rooms, serial_shops, nicolae_shop_stone, serial_bayou_pond_d,
          uniq_pikel, uniq_ijyb, uniq_eustachio
D:5:      layout_basic, ebering_dispersal_statue_hall, st_stairs_6,
          minmay_mini_ossuary
D:6:      layout_basic, eat_drink_and_be_merry_uskayaw,
          minmay_temple_entry_poolview, serial_bayou, serial_bayou_shore_b,
          serial_bayou_shore_b, serial_bayou_ford_a, serial_bayou_pond_d
D:7:      layout_layer_cave, chequers_temple_overflow_minitemple
D:8:      wander_river, layout_cave_pods, serial_shops, nicolae_shop_crystal,
          minmay_ruined_shrine
D:9:      layout_stronghold, lair_entry_dummy, orc_0_dummy
D:10:     layout_loops_ring, enter_trove_6, minmay_stone_trees_medium,
          nicolae_shop_firing_range, uniq_gastronok
D:11:     layout_stronghold, st_stairs_13, uniq_urug

Skill      XL: |  1  2  3  4  5  6  7  8  9 10 11 |
---------------+----------------------------------+-----
Axes           | 3 4 6 7 9 11 13 14 | 14.2
Armour         | 4 6 7 |  7.8
Fighting       | 4 5 6 7 9 10 | 10.3
Shields        | 4 5 7 8 |  8.1
Dodging        | 2 3 5 6 7 |  7.1
Stealth        | 1 2 |  2.6
Translocations | 1 |  1.1
Evocations     | 1 |  1.0
Spellcasting   | |  0.6

Action                   |  1- 3 |  4- 6 |  7- 9 | 10-12 || total
-------------------------+-------+-------+-------+-------++-------
Melee: War axe           |    57 |    76 |   154 |       ||   287
       Headbutt          |     6 |    11 |    41 |    51 ||   109
       Hand axe          |       |       |    54 |   242 ||   296
 Cast: Blink             |       |       |     4 |       ||     4
Evoke: Wand              |       |       |     1 |     6 ||     7
  Use: Potion            |     6 |     3 |     2 |     4 ||    15
       Scroll            |     4 |       |    23 |     7 ||    34
 Stab: Distracted        |       |       |     1 |       ||     1
Armor: Scale mail        |    33 |    35 |    24 |       ||    92
       Robe              |       |       |    21 |       ||    21
       Steam dragon scal |       |       |     2 |    20 ||    22
Dodge: Dodged            |    43 |    59 |   199 |    94 ||   395
Block: Buckler           |    15 |    21 |    57 |   104 ||   197
       Reflection        |       |       |       |     4 ||     4
